 Dungeon Crawl Stone Soup version 0.25-a0-413-g3b4b6a4ccc (webtiles) character file.

Game seed: 4631062327922270019, levelgen mode: deterministic

46 Roran the Shooter (level 3, 0/28 HPs)
             Began as a Centaur Arcane Marksman on Jan 14, 2020.
             Slain by a gnoll
             ... wielding a +0 spear
              (8 damage)
             ... on level 2 of the Dungeon.
             The game lasted 00:03:22 (994 turns).

Roran the Shooter (Centaur Arcane Marksman)          Turns: 994, Time: 00:03:23

Health: 0/28       AC:  4    Str: 13    XL:     3   Next: 46%
Magic:  4/4        EV:  9    Int: 12    God:
Gold:   40         SH:  0    Dex:  9    Spells: 3/4 levels left

rFire    . . .     SeeInvis .   a - +0 shortbow
rCold    . . .     Gourm    .   (shield currently unavailable)
rNeg     . . .     Faith    .   e - +0 robe
rPois    .         Spirit   .   (no helmet)
rElec    .         Reflect  .   (no cloak)
rCorr    .         Harm     +   (no gloves)
MR       .....                  (no barding)
Stlth    +.........             c - amulet of harm
HPRegen  0.09/turn              (no ring)
MPRegen  0.09/turn              (no ring)

@: very quick
A: large, hooves 3, deformed body, speed 2, tough skin 3
a: no special abilities


You were on level 2 of the Dungeon.
You were not hungry.

You visited 1 branch of the dungeon, and saw 2 of its levels.

You collected 40 gold pieces.

Inventory:

Hand Weapons
 a - a +0 shortbow (weapon)
Missiles
 d - 44 arrows (quivered)
Armour
 e - a +0 robe (worn)
Jewellery
 c - an amulet of harm (around neck)
Scrolls
 h - a scroll of remove curse {unknown}
 j - a scroll of enchant armour {unknown}
 k - a scroll of identify {unknown}
Potions
 b - 2 potions of might {unknown}
 g - 3 potions of lignification {unknown}
 i - a potion of magic {unknown}
Comestibles
 f - 4 rations


   Skills:
 - Level 1.0 Fighting
 * Level 5.2 Bows
 - Level 1.3 Dodging
 - Level 1.0 Spellcasting
 - Level 2.6 Hexes


You had 3 spell levels left.
You knew the following spells:

 Your Spells              Type           Power        Failure   Level  Hunger
a - Corona                Hex            #......      10%         1    ##.....

Your spell library contained the following spells:

 Spells                   Type           Power        Failure   Level  Hunger
 Slow                     Hex            #.......     16%         2    ###....
 Inner Flame              Hex/Fire       #.......     45%         3    ####...
 Portal Projectile        Hex/Tloc       #.....       45%         3    ####...
 Cause Fear               Hex            #.........   69%         4    #####..
 Leda's Liquefaction      Hex/Erth       #.........   86%         4    #####..


Dungeon Overview and Level Annotations

Branches:
Dungeon (1/15)

Altars:


Innate Abilities, Weirdness & Mutations

You have hooves in place of feet.
Armour fits poorly on your strangely shaped body.
You cover ground very quickly.
You have extremely tough skin. (AC +3)


Message History

You are too injured to fight recklessly!
You are too injured to fight recklessly!
You are too injured to fight recklessly!
Firing (i - inventory)
d - 47 arrows (quivered)
Press: ? - help, Shift-Dir - straight line, f/p - gnoll
Aim: a gnoll, wielding a +0 spear and wearing a +1 leather armour of magic resistance (lightly wounded)
You shoot an arrow.
The arrow hits the gnoll but does no damage.
The gnoll is lightly wounded.
Firing (i - inventory)
d - 46 arrows (quivered)
Press: ? - help, Shift-Dir - straight line, f/p - gnoll
Aim: a gnoll, wielding a +0 spear and wearing a +1 leather armour of magic resistance (lightly wounded)
You shoot an arrow. The arrow hits the gnoll.
The gnoll is severely wounded.
Firing (i - inventory)
d - 45 arrows (quivered)
Press: ? - help, Shift-Dir - straight line, f/p - gnoll
Aim: a gnoll, wielding a +0 spear and wearing a +1 leather armour of magic resistance (severely wounded)
You shoot an arrow. The arrow closely misses the gnoll.
The gnoll hits you from afar with a +0 spear!
You die...

g# #..# (# #..#
#.# #..# #(#
#..# ## ##.#
#..# ###. ##g#.#
#..# ...
##(###.##..#
#.###g## ##....#
#.@.g.(###....##
#######.#.###.#
#.......#
#.####### #.#
#.# #.. ##. .#


You could see 2 gnolls.

Vanquished Creatures
  A gnoll (D:2)
  An ooze (D:1)
  A worm (D:2)
  3 dart slugs (D:1)
  3 bats
  2 giant cockroaches
  3 goblins
  2 hobgoblins (D:1)
  3 jackals (D:1)
  A frilled lizard (D:1)
  A kobold (D:2)
  3 rats (D:1)
24 creatures vanquished.

Notes
Turn   | Place    | Note
-------+----------+-------------------------------------------
     0 | D:1      | Roran the Centaur Arcane Marksman began the quest for the
                  | Orb.
     0 | D:1      | Reached XP level 1. HP: 16/16 MP: 2/2
    98 | D:1      | Reached skill level 3 in Bows
   245 | D:1      | Reached XP level 2. HP: 23/23 MP: 3/3
   306 | D:1      | Reached skill level 4 in Bows
   680 | D:1      | Reached XP level 3. HP: 22/28 MP: 4/4
   682 | D:1      | You fall into a shaft and drop 1 floor!
   818 | D:2      | Reached skill level 5 in Bows
   994 | D:2      | Slain by a gnoll

Levels and vault maps discovered:
D:1:      dpeg_arrival_boxes_within_box, layout_basic
D:2:      minmay_chambers_of_ones, layout_loops_ring

Skill      XL: |  1  2  3 |
---------------+----------+-----
Bows           | 3 4 5 |  5.2
Fighting       | |  1.0
Dodging        | |  1.3
Spellcasting   | |  1.0
Hexes          | |  2.6

Action                   || total
-------------------------++-------
 Fire: Shortbow          ||    95
Armor: Robe              ||    18
Dodge: Dodged            ||    13

Table legend:
 A = Non-vault XP
 B = Vault XP
 C = Vault XP percentage of total XP
 D = Non-vault monster count
 E = Vault monster count
 F = Vault count percentage of total count
                 A         B        C        D         E       F
            +---------+---------+-------+---------+---------+-------
      Total |      67 |       0 |   0.0 |      24 |       0 |   0.0
            +---------+---------+-------+---------+---------+-------
        D:1 |      42 |       0 |   0.0 |      18 |       0 |   0.0
        D:2 |      25 |       0 |   0.0 |       6 |       0 |   0.0
            +---------+---------+-------+---------+---------+-------
